TOP OF THE 1ST |
Lansing Lugnuts batting - Pitching for District 9 Prawns : RHP Bill Petzinger
|
Pitching: RHP Bill Petzinger
|
|
Batting: RHB Lu-fang Huie
|
0-0: Called Strike 0-1: Foul Ball, location: 2F 0-2: Ball 1-2: Foul Ball, location: 2F 1-2: Ground out 5-3 (Groundball, 56)
|
Batting: RHB Júlio Caraballo
|
0-0: Ground out 4-3 (Groundball, 4)
|
Batting: LHB Lewis Barr
|
0-0: Called Strike 0-1: Ball 1-1: Swinging Strike 1-2: Ground out 6-3 (Groundball, 6)
|
Top of the 1st over - 0 run(s), 0 hit(s), 0 error(s), 0 left on base; Lansing 0 - District 9 0 |
BOTTOM OF THE 1ST |
District 9 Prawns batting - Pitching for Lansing Lugnuts : LHP Carlos Flores
|
Pitching: LHP Carlos Flores
|
|
Batting: RHB Alonso Holguín
|
0-0: Ball 1-0: Ball 2-0: Ball 3-0: Called Strike 3-1: Foul Ball, location: 2F 3-2: Base on Balls
|
Batting: RHB Marcos Moreno
|
0-0: Ball 1-0: Ball 2-0: Foul Ball, location: 2F 2-1: Ball 3-1: Base on Balls Alonso Holguín to second
|
Batting: LHB Leland Hardy
|
0-0: Foul Ball, location: 2F 0-1: Called Strike 0-2: Strikes out swinging
|
Batting: LHB Ryan Hensley
|
0-0: Called Strike 0-1: Foul Ball, location: 2F 0-2: 3-RUN HOME RUN (Flyball, 89XD), Distance : 406 ft
|
Batting: RHB Lúcio García
|
0-0: Ball 1-0: Ball 2-0: Fly out, F7 (Flyball, 78D)
|
Batting: RHB Alfredo Cortéz
|
0-0: Called Strike 0-1: Fly out, F9 (Flyball, 9M)
|
Bottom of the 1st over - 3 run(s), 1 hit(s), 0 error(s), 0 left on base; Lansing 0 - District 9 3 |
TOP OF THE 2ND |
Lansing Lugnuts batting - Pitching for District 9 Prawns : RHP Bill Petzinger
|
Batting: LHB Damon Mitchell
|
0-0: Called Strike 0-1: DOUBLE (Line Drive, 5)
|
Batting: RHB Gilberto López
|
0-0: Foul Ball, location: 2F 0-1: Called Strike 0-2: Ground out 6-3 (Groundball, 6)
|
Batting: RHB Taki Chikafuji
|
0-0: Ball 1-0: Fly out, F3 (Popup, 3S)
|
Batting: RHB Juan Muńíz
|
0-0: Foul Ball, location: 2F 0-1: Foul Ball, location: 2F 0-2: SINGLE (Groundball, 34) Damon Mitchell to third Runner from 3rd tries for Home, SAFE, no throw or cutoff
|
Batting: RHB Tony Reyes
|
0-0: Called Strike 0-1: Swinging Strike 0-2: Strikes out swinging
|
Top of the 2nd over - 1 run(s), 2 hit(s), 0 error(s), 1 left on base; Lansing 1 - District 9 3 |
BOTTOM OF THE 2ND |
District 9 Prawns batting - Pitching for Lansing Lugnuts : LHP Carlos Flores
|
Batting: SHB Mark Pope
|
0-0: Ball 1-0: Foul Ball, location: 2F 1-1: Ball 2-1: Swinging Strike 2-2: Ball 3-2: DOUBLE (Flyball, 7LM)
|
Batting: RHB Robert Bly
|
0-0: Called Strike 0-1: Ball 1-1: Ball 2-1: Ball 3-1: Swinging Strike 3-2: Foul Ball, location: 2F 3-2: Base on Balls
|
Batting: RHB Manuel Cortéz
|
0-0: Ball 1-0: Ball 2-0: Called Strike 2-1: Foul Ball, location: 2F 2-2: Fly out, F6 (Popup, 6MD)
|
Batting: RHB Alonso Holguín
|
0-0: Foul Ball, location: 2F 0-1: Ball 1-1: Ball 2-1: Fly out, F9 (Flyball, 9LM)
|
Batting: RHB Marcos Moreno
|
0-0: Ball 1-0: Ground out U3 (Groundball, 3S)
|
Bottom of the 2nd over - 0 run(s), 1 hit(s), 0 error(s), 2 left on base; Lansing 1 - District 9 3 |
TOP OF THE 3RD |
Lansing Lugnuts batting - Pitching for District 9 Prawns : RHP Bill Petzinger
|
Batting: RHB Bernardo Villa
|
0-0: Ball 1-0: Ground out 6-3 (Groundball, 6)
|
Batting: RHB Lu-fang Huie
|
0-0: Swinging Strike 0-1: Foul Ball, location: 2F 0-2: Strikes out swinging
|
Batting: RHB Júlio Caraballo
|
0-0: Ball 1-0: Foul Ball, location: 2F 1-1: Fly out, F7 (Flyball, 7M)
|
Top of the 3rd over - 0 run(s), 0 hit(s), 0 error(s), 0 left on base; Lansing 1 - District 9 3 |
BOTTOM OF THE 3RD |
District 9 Prawns batting - Pitching for Lansing Lugnuts : LHP Carlos Flores
|
Batting: LHB Leland Hardy
|
0-0: Ball 1-0: Ground out 6-3 (Groundball, 6M)
|
Batting: LHB Ryan Hensley
|
0-0: Ball 1-0: Ball 2-0: Ball 3-0: Called Strike 3-1: Foul Ball, location: 2F 3-2: Foul Ball, location: 2F 3-2: Base on Balls
|
Batting: RHB Lúcio García
|
0-0: Called Strike 0-1: Foul Ball, location: 2F 0-2: Strikes out swinging
|
Batting: RHB Alfredo Cortéz
|
0-0: Foul Ball, location: 2F 0-1: Fly out, F8 (Flyball, 8LD)
|
Bottom of the 3rd over - 0 run(s), 0 hit(s), 0 error(s), 1 left on base; Lansing 1 - District 9 3 |
TOP OF THE 4TH |
Lansing Lugnuts batting - Pitching for District 9 Prawns : RHP Bill Petzinger
|
Batting: LHB Lewis Barr
|
0-0: Ball 1-0: Ball 2-0: Ball 3-0: Called Strike 3-1: Base on Balls
|
Batting: LHB Damon Mitchell
|
0-0: Ball 1-0: Ball 2-0: Ball 3-0: Called Strike 3-1: Foul Ball, location: 2F 3-2: Base on Balls Lewis Barr to second
|
Batting: RHB Gilberto López
|
0-0: Ball 1-0: Reached on error, E5 (Groundball, 5) Lewis Barr to third Damon Mitchell to second
|
Batting: RHB Taki Chikafuji
|
0-0: Ball 1-0: Called Strike 1-1: Swinging Strike 1-2: Foul Ball, location: 2F 1-2: Strikes out swinging
|
Batting: RHB Juan Muńíz
|
0-0: Swinging Strike 0-1: Foul Ball, location: 2F 0-2: Ball 1-2: Strikes out swinging
|
Batting: RHB Tony Reyes
|
0-0: Called Strike 0-1: Ball 1-1: Ball Balk! Lewis Barr scores Damon Mitchell to third Gilberto López to second 2-1: SINGLE (Flyball, 78S) Damon Mitchell scores Gilberto López to third Runner from 3rd tries for Home, SAFE, no throw or cutoff
|
Batting: RHB Bernardo Villa
|
0-0: Ball 1-0: Ball 2-0: Fielders Choice at 2nd, U6 (Groundball, 6M)
|
Top of the 4th over - 3 run(s), 1 hit(s), 1 error(s), 1 left on base; Lansing 4 - District 9 3 |
BOTTOM OF THE 4TH |
District 9 Prawns batting - Pitching for Lansing Lugnuts : LHP Carlos Flores
|
Batting: SHB Mark Pope
|
0-0: Ball 1-0: Fly out, F8 (Flyball, 8LD)
|
Batting: RHB Robert Bly
|
0-0: Reached on error, E5 (Groundball, 56)
|
Batting: RHB Manuel Cortéz
|
0-0: Ball 1-0: Ball 2-0: Ball 3-0: Base on Balls Robert Bly to second
|
Batting: RHB Alonso Holguín
|
0-0: Called Strike 0-1: Swinging Strike 0-2: Ball 1-2: Ball 2-2: Foul Ball, location: 2F 2-2: Ground out 3-1 (Groundball, 34S) Robert Bly to third Manuel Cortéz to second
|
Batting: RHB Marcos Moreno
|
0-0: Fly out, F1 (Popup, 15S)
|
Bottom of the 4th over - 0 run(s), 0 hit(s), 1 error(s), 2 left on base; Lansing 4 - District 9 3 |
TOP OF THE 5TH |
Lansing Lugnuts batting - Pitching for District 9 Prawns : RHP Bill Petzinger
|
Batting: RHB Lu-fang Huie
|
0-0: Called Strike 0-1: Ball 1-1: Ball 2-1: Foul Ball, location: 2F 2-2: Ball 3-2: Base on Balls
|
Batting: RHB Júlio Caraballo
|
0-0: Called Strike 0-1: Ball 1-1: Ball 2-1: Ball 3-1: Base on Balls Lu-fang Huie to second
|
Batting: LHB Lewis Barr
|
0-0: Called Strike 0-1: Foul Ball, location: 2F 0-2: Foul Ball, location: 2F 0-2: Ball 1-2: Foul Ball, location: 2F 1-2: Ball 2-2: Ball 3-2: Foul Ball, location: 2F 3-2: 3-RUN HOME RUN (Flyball, 7LD), Distance : 369 ft
|
Pitching: RHP Alberto Vega
|
|
Batting: LHB Damon Mitchell
|
0-0: Ground out U3 (Groundball, 3)
|
Batting: RHB Gilberto López
|
0-0: Called Strike 0-1: Swinging Strike 0-2: Ball 1-2: Ball 2-2: SINGLE (Groundball, 6MD)
|
Batting: RHB Taki Chikafuji
|
0-0: Called Strike 0-1: Ball 1-1: Swinging Strike 1-2: Ball 2-2: Foul Ball, location: 2F 2-2: Foul Ball, location: 2F 2-2: Foul Ball, location: 2F 2-2: SINGLE (Groundball, 4MD) Gilberto López to second Runner from 2nd tries for 3rd, OUT! Taki Chikafuji to second
|
Batting: RHB Juan Muńíz
|
0-0: Called Strike 0-1: Called Strike 0-2: Ball 1-2: Ball 2-2: Foul Ball, location: 2F 2-2: Ball 3-2: Base on Balls
|
Batting: RHB Tony Reyes
|
0-0: Ball 1-0: Swinging Strike 1-1: Swinging Strike 1-2: Ball 2-2: Strikes out looking
|
Top of the 5th over - 3 run(s), 3 hit(s), 0 error(s), 2 left on base; Lansing 7 - District 9 3 |
BOTTOM OF THE 5TH |
District 9 Prawns batting - Pitching for Lansing Lugnuts : LHP Carlos Flores
|
Batting: LHB Leland Hardy
|
0-0: Ball 1-0: Swinging Strike 1-1: Ball 2-1: Fly out, F7 (Flyball, 78D)
|
Batting: LHB Ryan Hensley
|
0-0: Called Strike 0-1: Foul Ball, location: 2F 0-2: Ball 1-2: Strikes out swinging
|
Batting: RHB Lúcio García
|
0-0: Called Strike 0-1: Ground out 4-3 (Groundball, 4)
|
Bottom of the 5th over - 0 run(s), 0 hit(s), 0 error(s), 0 left on base; Lansing 7 - District 9 3 |
TOP OF THE 6TH |
Lansing Lugnuts batting - Pitching for District 9 Prawns : RHP Alberto Vega
|
Batting: RHB Bernardo Villa
|
0-0: Foul Ball, location: 2F 0-1: Foul Ball, location: 2F 0-2: Ball 1-2: Strikes out swinging
|
Batting: RHB Lu-fang Huie
|
0-0: Ball 1-0: Ground out 1-3 (Groundball, 13)
|
Batting: RHB Júlio Caraballo
|
0-0: Ball 1-0: Foul Ball, location: 2F 1-1: Ball 2-1: Foul Ball, location: 2F 2-2: Foul Ball, location: 2F 2-2: Foul Ball, location: 2F 2-2: Foul Ball, location: 2F 2-2: Ball 3-2: Foul Ball, location: 2F 3-2: Base on Balls
|
Pitching: RHP Juan Cervantes
|
|
Batting: LHB Lewis Barr
|
0-0: Ground out 4-3 (Groundball, 4)
|
Top of the 6th over - 0 run(s), 0 hit(s), 0 error(s), 1 left on base; Lansing 7 - District 9 3 |
BOTTOM OF THE 6TH |
District 9 Prawns batting - Pitching for Lansing Lugnuts : LHP Carlos Flores
|
Pitching: RHP Gerald Hood
|
|
Batting: RHB Alfredo Cortéz
|
0-0: Swinging Strike 0-1: Ball 1-1: Called Strike 1-2: Strikes out swinging
|
Batting: SHB Mark Pope
|
0-0: Called Strike 0-1: Swinging Strike 0-2: Strikes out swinging
|
Batting: RHB Robert Bly
|
0-0: SINGLE (Groundball, 56D)
|
Batting: RHB Manuel Cortéz
|
0-0: Ball 1-0: Ball 2-0: Ball 3-0: Called Strike 3-1: Base on Balls Robert Bly to second
|
Batting: RHB Alonso Holguín
|
0-0: Swinging Strike 0-1: Fly out, F4 (Line Drive, 4)
|
Bottom of the 6th over - 0 run(s), 1 hit(s), 0 error(s), 2 left on base; Lansing 7 - District 9 3 |
TOP OF THE 7TH |
Lansing Lugnuts batting - Pitching for District 9 Prawns : RHP Juan Cervantes
|
Batting: LHB Damon Mitchell
|
0-0: Fly out, F7 (Flyball, 78D)
|
Batting: RHB Gilberto López
|
0-0: Ball 1-0: Ball 2-0: Ball 3-0: Base on Balls
|
Batting: RHB Taki Chikafuji
|
0-0: Ball 1-0: Ball 2-0: Ball 3-0: Base on Balls Gilberto López to second
|
Batting: RHB Juan Muńíz
|
0-0: Ball 1-0: Ball 2-0: Called Strike 2-1: Called Strike 2-2: Fly out, F2 (Popup, 23F)
|
Batting: RHB Tony Reyes
|
0-0: Ball 1-0: Called Strike 1-1: Called Strike 1-2: Ball 2-2: Strikes out swinging
|
Top of the 7th over - 0 run(s), 0 hit(s), 0 error(s), 2 left on base; Lansing 7 - District 9 3 |
BOTTOM OF THE 7TH |
District 9 Prawns batting - Pitching for Lansing Lugnuts : RHP Gerald Hood
|
Batting: RHB Marcos Moreno
|
0-0: Foul Ball, location: 2F 0-1: Ball 1-1: Called Strike 1-2: Ball 2-2: Ground out 6-3 (Groundball, 6)
|
Pitching: RHP Bob Newton
|
|
Batting: LHB Leland Hardy
|
0-0: Ball 1-0: Called Strike 1-1: Swinging Strike 1-2: Strikes out swinging
|
Batting: LHB Ryan Hensley
|
0-0: Foul Ball, location: 2F 0-1: Ball 1-1: Foul Ball, location: 2F 1-2: Ground out 4-3 (Groundball, 34)
|
Bottom of the 7th over - 0 run(s), 0 hit(s), 0 error(s), 0 left on base; Lansing 7 - District 9 3 |
TOP OF THE 8TH |
Lansing Lugnuts batting - Pitching for District 9 Prawns : RHP Juan Cervantes
|
Batting: RHB Bernardo Villa
|
0-0: Foul Ball, location: 2F 0-1: Ball 1-1: Ball 2-1: Ball 3-1: Base on Balls
|
Batting: RHB Lu-fang Huie
|
0-0: Called Strike 0-1: Called Strike 0-2: Ball 1-2: Ball 2-2: Foul Ball, location: 2F 2-2: Ball 3-2: Foul Ball, location: 2F 3-2: Foul Ball, location: 2F 3-2: Base on Balls Bernardo Villa to second
|
Batting: RHB Júlio Caraballo
|
0-0: Called Strike 0-1: Swinging Strike 0-2: Fielders Choice at 2nd, 1-4 (Groundball, 15S) Bernardo Villa to third
|
Batting: LHB Lewis Barr
|
0-0: Ball 1-0: Ball 2-0: Ball 3-0: Base on Balls Júlio Caraballo to second
|
Batting: LHB Damon Mitchell
|
0-0: Ball 1-0: Ball 2-0: Foul Ball, location: 2F 2-1: Called Strike 2-2: Ball 3-2: Grounds into double play, 3-6-3 (Groundball, 3)
|
Top of the 8th over - 0 run(s), 0 hit(s), 0 error(s), 2 left on base; Lansing 7 - District 9 3 |
BOTTOM OF THE 8TH |
District 9 Prawns batting - Pitching for Lansing Lugnuts : RHP Bob Newton
|
Batting: RHB Lúcio García
|
0-0: Called Strike 0-1: Foul Ball, location: 2F 0-2: Foul Ball, location: 2F 0-2: Strikes out swinging
|
Batting: RHB Alfredo Cortéz
|
0-0: Called Strike 0-1: Swinging Strike 0-2: Ball 1-2: Ball 2-2: DOUBLE (Groundball, 5L)
|
Batting: SHB Mark Pope
|
0-0: Ball 1-0: Ball 2-0: Foul Ball, location: 2F 2-1: Swinging Strike 2-2: Ball 3-2: Fly out, F7 (Flyball, 7M)
|
Pitching: LHP Craig Bowling
|
|
Batting: RHB Robert Bly
|
0-0: Ball 1-0: Ground out 6-3 (Groundball, 6)
|
Bottom of the 8th over - 0 run(s), 1 hit(s), 0 error(s), 1 left on base; Lansing 7 - District 9 3 |
TOP OF THE 9TH |
Lansing Lugnuts batting - Pitching for District 9 Prawns : RHP Juan Cervantes
|
Batting: RHB Gilberto López
|
0-0: Ball 1-0: Ball 2-0: Foul Ball, location: 2F 2-1: Ball 3-1: Base on Balls
|
Pitching: RHP Ángel Polanco
|
|
Batting: RHB Taki Chikafuji
|
0-0: Called Strike 0-1: Fly out, F8 (Flyball, 8RXD) Runner from 1st tags up, SAFE at 2nd
|
Batting: RHB Juan Muńíz
|
0-0: Called Strike 0-1: Called Strike 0-2: Ball 1-2: Ball 2-2: Strikes out swinging
|
Batting: RHB Tony Reyes
|
0-0: Ball 1-0: Swinging Strike 1-1: Ball 2-1: Ball 3-1: Base on Balls
|
Batting: RHB Bernardo Villa
|
0-0: Ground out 6-3 (Groundball, 56)
|
Top of the 9th over - 0 run(s), 0 hit(s), 0 error(s), 2 left on base; Lansing 7 - District 9 3 |
BOTTOM OF THE 9TH |
District 9 Prawns batting - Pitching for Lansing Lugnuts : LHP Craig Bowling
|
Batting: RHB Manuel Cortéz
|
0-0: DOUBLE (Line Drive, 78D)
|
Batting: RHB Alonso Holguín
|
0-0: Foul Ball, location: 2F 0-1: Swinging Strike 0-2: Ball 1-2: Foul Ball, location: 2F 1-2: Foul Ball, location: 2F 1-2: Foul Ball, location: 2F 1-2: Foul Ball, location: 2F 1-2: Foul Ball, location: 2F 1-2: Ball 2-2: Ground out 6-3 (Groundball, 6)
|
Batting: RHB Marcos Moreno
|
0-0: Called Strike 0-1: Foul Ball, location: 2F 0-2: Strikes out swinging
|
Batting: LHB Leland Hardy
|
0-0: Ball 1-0: Foul Ball, location: 2F 1-1: Called Strike 1-2: Ball 2-2: Foul Ball, location: 2F 2-2: Foul Ball, location: 2F 2-2: Ball 3-2: Base on Balls
|
Pitching: RHP Dave Rhodes
|
|
Batting: LHB Ryan Hensley
|
0-0: Ball 1-0: Ball 2-0: Called Strike 2-1: Ball 3-1: Base on Balls Manuel Cortéz to third Leland Hardy to second
|
Pinch Hitting: LHB Enrique Nalasco
|
0-0: Ball 1-0: Swinging Strike 1-1: Fly out, F8 (Line Drive, 8RS)
|
Bottom of the 9th over - 0 run(s), 1 hit(s), 0 error(s), 3 left on base; Lansing 7 - District 9 3 |
|